 Dungeon Crawl Stone Soup version 0.28.0 (webtiles) character file.

Game seed: 4552407044980952640

734 RepHenryClay the Chopper (level 8, -1/45 (58) HPs)
             Began as a Formicid Fighter on Feb 13, 2022.
             Was a Follower of Qazlal.
             Slain by a water moccasin (2 damage)
             ... on level 7 of the Dungeon.
             The game lasted 00:07:39 (4941 turns).

RepHenryClay the Chopper (Formicid Fighter)         Turns: 4941, Time: 00:07:39

HP:   -1/45 (58)    AC: 12    Str: 22 (23) XL:     8   Next: 4%
MP:   8/8           EV:  7    Int:  7 (8)  God:    Qazlal [*.....]
Gold: 187           SH:  6    Dex:  7 (10) Spells: 7/7 levels left

rFire   + . .      SeeInvis +   a - +0 war axe
rCold   . . .      Faith    .   c - +0 buckler
rNeg    . . .      Spirit   .   f - +0 chain mail
rPois   .          Reflect  .   (helmet unavailable)
rElec   .          Harm     .   e - +0 cloak
rCorr   .          Rampage  .   (no gloves)
Will    +....                   h - +0 pair of boots
Stlth   ..........              (no amulet)
HPRegen 0.15/turn               g - ring of protection from fire
MPRegen 0.11/turn               (no ring)

@: lethally poisoned (-1 -> -17), heavily drained
A: permanent stasis, dig shafts and tunnels, antennae 3, four strong arms,
strong-willed 1
a: Dig, Shaft Self, Renounce Religion


You were on level 7 of the Dungeon.
You worshipped Qazlal.
Qazlal was aware of your devotion.
You visited 1 branch of the dungeon, and saw 6 of its levels.

You collected 187 gold pieces.

Inventory:

Hand Weapons
 a - a +0 war axe (weapon)
 b - a +1 whip of electrocution
 q - a +2 dagger of venom
Armour
 c - a +0 buckler (worn)
 e - a +0 cloak (worn)
 f - a +0 chain mail (worn)
 h - a +0 pair of boots (worn)
 k - a +0 scale mail
 o - a +0 kite shield
 x - a +0 ring mail of cold resistance
Jewellery
 g - a ring of protection from fire (left hand)
 r - an amulet of guardian spirit
Wands
 v - a wand of acid (10)
Scrolls
 i - 2 scrolls of identify {unknown}
 j - a scroll of blinking {unknown}
 l - 2 scrolls of magic mapping {unknown}
 p - a scroll of torment {unknown}
 s - a scroll of noise {unknown}
 u - a scroll of enchant weapon {unknown}
 y - a scroll of fog {unknown}
Potions
 d - a potion of might
 m - a potion of resistance


   Skills:
 - Level 3.2 Fighting
 * Level 6.2 Axes
 + Level 5.5 Armour
 + Level 6.1 Shields


You had 7 spell levels left.
You didn't know any spells.
Your spell library contained the following spells:

 Spells                   Type           Power      Damage    Failure   Level
 Slow                     Hex            0%         N/A       99%         1
 Scorch                   Fire           0%         2d5       100%        2
 Confusing Touch          Hex            0%         N/A       100%        3
 Frozen Ramparts          Ice            0%         1d2       100%        3
 Inner Flame              Hex/Fire       0%         N/A       100%        3
 Vampiric Draining        Necr           0%         2d6       100%        3
 Cause Fear               Hex            0%         N/A       100%        4
 Flame Wave               Conj/Fire      0%         2d4       100%        4
 Ice Form                 Ice/Tmut       0%         N/A       100%        4
 Summon Ice Beast         Ice/Summ       0%         N/A       100%        4
 Summon Cactus Giant      Summ           0%         N/A       100%        6
 Discord                  Hex            0%         N/A       100%        8


Dungeon Overview and Level Annotations

Branches:
Dungeon (5/15)
 Temple: D:4-7

Altars:
Nemelex Xobeh
Qazlal
Uskayaw
Zin
The Shining One

Annotations:
D:4 Edmund


Innate Abilities, Weirdness & Mutations

You cannot be hasted, slowed, berserked, paralysed or teleported.
You can dig through walls and to a lower floor.
You have a pair of large antennae on your head. (SInv)
Your four strong arms can wield two-handed weapons with a shield.
You are strong-willed. (Will+)


Message History

* * * LOW HITPOINT WARNING * * *
Huge Dmg: -20%(-9hp) hp: 25%(11hp) It was a potion of ambrosia.
You are confused.
You feel invigorated.
* * * LOW HITPOINT WARNING * * *
You feel very sick. The water moccasin bites you.
* * * LOW HITPOINT WARNING * * *
You are more poisoned.
The water moccasin poisons you!
Damage: -2%(-1hp) hp: 23%(10hp) Unknown command.
It was a potion of haste.
Your stasis prevents you from being hasted.
* * * LOW HITPOINT WARNING * * *
You feel very sick.
The water moccasin bites you but does no damage.
The water moccasin barely misses you.
You're too confused to move!
* * * LOW HITPOINT WARNING * * *
You feel very sick. The water moccasin bites you.
* * * LOW HITPOINT WARNING * * *
You are more poisoned.
The water moccasin poisons you!
Damage: -5%(-2hp) hp: 18%(8hp) Unknown command.
You feel less invigorated.
You feel less confused.
* * * LOW HITPOINT WARNING * * *
You feel very sick.
Huge Dmg: -6%(-3hp) hp: 12%(5hp) It was a potion of mutation.
You feel extremely strange.
Your body twists and deforms.
Your body's shape seems more normal.
You feel strong-willed.
* * * LOW HITPOINT WARNING * * *
You feel very sick. The water moccasin bites you.
You die...

########
#......#
#......#
#......#
#......#
#.....S+
#.....@#
##.....#
#...###
####


You could see a water moccasin.

Vanquished Creatures
  Duvessa (D:4)
  An ogre (D:4)
  A scorpion (D:4)
  A water moccasin skeleton (D:4)
  Dowan (D:4)
  A howler monkey (D:4)
  2 jellies (D:4)
  An orc priest (D:4)
  Terence (D:2)
  An iguana (D:4)
  2 hound skeletons (D:4)
  4 gnolls (D:2)
  A howler monkey skeleton (D:4)
  3 adders
  An adder skeleton (D:4)
  5 worms
  4 dart slugs
  4 orcs (D:4)
  8 endoplasms
  A giant cockroach (D:4)
  9 goblins
  8 hobgoblins
  8 jackals
  6 kobolds
  6 quokkas
  5 ball pythons
  3 bats
  5 frilled lizards
  5 rats
99 creatures vanquished.

Vanquished Creatures (others)
  A plant (D:2)
1 creature vanquished.

Grand Total: 100 creatures vanquished

Notes
Turn   | Place    | Note
-------+----------+-------------------------------------------
     0 | D:1      | RepHenryClay the Formicid Fighter began the quest for the
                  | Orb.
     0 | D:1      | Reached XP level 1. HP: 18/18 MP: 1/1
    31 | D:1      | Found a faded altar of an unknown god.
    39 | D:1      | Reached XP level 2. HP: 24/24 MP: 2/2
   335 | D:1      | Reached XP level 3. HP: 22/29 MP: 3/3
   705 | D:2      | Reached XP level 4. HP: 25/35 MP: 4/4
   937 | D:2      | Noticed Terence
   943 | D:2      | Killed Terence
   944 | D:2      | Reached XP level 5. HP: 41/41 MP: 5/5
  2795 | D:3      | Found a stormy altar of Qazlal.
  2802 | D:3      | Became a worshipper of Qazlal Stormbringer
  3201 | D:3      | Found a hide-covered altar of Uskayaw.
  3330 | D:4      | Noticed an ogre
  3461 | D:4      | Reached XP level 6. HP: 41/47 MP: 6/6
  3595 | D:4      | Reached skill level 5 in Shields
  3830 | D:4      | Killed an ogre
  3831 | D:4      | Reached skill level 5 in Axes
  3831 | D:4      | Reached XP level 7. HP: 52/52 MP: 7/7
  3858 | D:4      | Reached skill level 5 in Armour
  4221 | D:4      | Found a glowing silver altar of Zin.
  4221 | D:4      | Noticed an angel
  4257 | D:4      | Reached * piety under Qazlal
  4315 | D:4      | Noticed Duvessa
  4351 | D:4      | Killed Duvessa
  4412 | D:4      | Noticed Dowan
  4429 | D:4      | Killed Dowan
  4490 | D:4      | Reached XP level 8. HP: 17/54 MP: 8/8
  4760 | D:4      | Found a sparkling altar of Nemelex Xobeh.
  4890 | D:4      | Found a glowing golden altar of the Shining One.
  4919 | D:5      | Entered Level 5 of the Dungeon
  4919 | D:5      | Noticed Edmund
  4931 | D:4      | You fall into a shaft and drop 3 floors!
  4941 | D:7      | Gained mutation: Armour fits poorly on your strangely
                  | shaped body. [potion of mutation]
  4941 | D:7      | Lost mutation: Armour fits poorly on your strangely shaped
                  | body. [potion of mutation]
  4941 | D:7      | Gained mutation: You are strong-willed. (Will+) [potion of
                  | mutation]
  4941 | D:7      | HP: 1/45 [poisoned by a water moccasin]
  4941 | D:7      | Slain by a water moccasin

Illustrated notes

Levels and vault maps discovered:
D:1:      nzn_arrival_water_spiral, layout_rooms, basic_ecumenical_altar
D:2:      layout_loops_corners, dk_vineyard_2, dk_noncrumbling_3,
          minmay_strange_pillars, serial_bayou_ford_a, uniq_terence
D:3:      layout_loops_ring, mainiacjoe_overflow_big_doors,
          roderic_roman_lattice, corexii_hall_statues_x, minmay_door_square,
          minmay_crystal_water, kennysheep_decorative_pillar
D:4:      layout_loops_ring, tso_oasis_becter, zin_angel, minmay_ruined_shrine,
          uniq_duvessa
D:5:      nicolae_cairo_tiling_large_dashed, layout_basic, marbit_many_paths,
          minmay_checkerbox, uniq_crazy_yiuf_cottage, uniq_menkaure, uniq_edmund
D:7:      layout_gridville, kennysheep_mini, lemuel_round_altar,
          lemuel_crystal_altar, minmay_temple_entry_gardened_gates,
          minmay_misc_feat_rows, minmay_a_box_with_orc_wizards_in_it, uniq_pikel

Skill      XL: |  1  2  3  4  5  6  7 |
---------------+----------------------+-----
Shields        | 4 5 6 |  6.1
Axes           | 3 4 5 6 |  6.2
Armour         | 4 5 |  5.5
Fighting       | |  3.2

Action                   |  1- 3 |  4- 6 |  7- 9 || total
-------------------------+-------+-------+-------++-------
Melee: War axe           |    63 |   156 |   105 ||   324
       Whip              |     2 |    15 |       ||    17
 Abil: Dig               |       |       |     1 ||     1
       Shaft Self        |       |       |     1 ||     1
Evoke: Wand              |       |     2 |       ||     2
  Use: Potion            |       |     1 |     4 ||     5
Armor: Scale mail        |    40 |     8 |       ||    48
       Chain mail        |       |    78 |    55 ||   133
Dodge: Dodged            |    36 |    52 |    30 ||   118
Block: Buckler           |    13 |    28 |    19 ||    60
